 Dungeon Crawl Stone Soup version 0.21.0-22-g11d5b52 (webtiles) character file.

42 Gorglomux the Ruffian (level 3, -4/30 HPs)
             Began as a Minotaur Wanderer on Jan 18, 2018.
             Killed from afar by an orc wizard (7 damage)
             ... with a puff of frost
             ... on level 2 of the Dungeon.
             The game lasted 00:01:35 (1579 turns).

Gorglomux the Ruffian (Minotaur Wanderer)           Turns: 1579, Time: 00:01:35

Health: -4/30      AC:  2    Str: 17    XL:     3   Next: 35%
Magic:  3/3        EV: 11    Int: 10    God:
Gold:   8          SH:  0    Dex:  8    Spells: 4/4 levels left

rFire    . . .     SeeInvis .     - Unarmed
rCold    . . .     Gourm    .   (no shield)
rNeg     . . .     Faith    .   e - +0 robe
rPois    .         Spirit   .   (helmet restricted)
rElec    .         Reflect  .   (no cloak)
rCorr    .         Harm     .   (no gloves)
MR       .....                  (no boots)
Stlth    +.........             (no amulet)
HPRegen  0.10/turn              (no ring)
MPRegen  0.08/turn              (no ring)

@: confused
A: retaliatory headbutt, horns 2
a: no special abilities


You were on level 2 of the Dungeon.
You were not hungry.

You visited 1 branch of the dungeon, and saw 2 of its levels.

You collected 8 gold pieces.

Inventory:

Hand Weapons
 q - a +2 blowgun
Armour
 e - a +0 robe (worn)
 y - a +0 pair of boots
Scrolls
 s - a scroll of immolation {unknown}
 u - a scroll of enchant armour {unknown}
 v - a scroll of enchant weapon {unknown}
Potions
 t - a potion of mutation {unknown}
 x - a potion of curing {unknown}
Books
 c - Amed's Volume of Darkness

   Spells                             Type                      Level
   a - Pain                           Necromancy                   1
   b - Regeneration                   Charms/Necromancy            3
 d - the Volume of Clay

   Spells                             Type                      Level
   a - Sandblast                      Earth                        1
   b - Stone Arrow                    Conjuration/Earth            3
Comestibles
 f - 2 rations
 w - 9 chunks of flesh


   Skills:
 - Level 2.4 Fighting
   Level 1.1 Crossbows
 - Level 1.0 Throwing
 - Level 1.0 Stealth
 + Level 3.4 Unarmed Combat
 - Level 1.0 Spellcasting
   Level 1.3 Necromancy
   Level 1.5 Earth Magic


You had 4 spell levels left.
You didn't know any spells.

Dungeon Overview and Level Annotations

Branches:
Dungeon (2/15)

Altars:


Innate Abilities, Weirdness & Mutations

You reflexively headbutt those who attack you in melee.
You have a pair of horns on your head.


Message History

The orc wizard hits you but does no damage!
You are electrocuted!!!
DANG; * * * don't die
* * * You are butt injured to fight recklessly!!!
Unknown command!
You are too butt to fight recklessly!!!
You are too injured to fight recklessly!!!
You are too injured to fight recklessly!!!
You are too injured to fight recklessly!!!
Butt command!
You are too injured to fight recklessly!!!
You are too injured to fight recklessly!!!
You are too injured to butt recklessly!!!
You are butt injured to fight recklessly!!!
Unknown butt!
The orc wizard points at you and butts some strange words!
Butt resist with significant effort!
The orc wizard casts a spell at you! The puff of frost hits you!!! rip

...................#<##
#......#.............#
...................##...
....=..............# .##
(..........((....<.# .#
....l..............# .#
.......o)(.........# .#
......o.(.........## .#
......{@.........## [#
........(.>...##...
#.........<...##...#
###.###..........#.# #.
##............ #
..#....### ..(....#
.......#


You could see 2 orc wizards and a frilled lizard.

Vanquished Creatures
  An adder (D:2)
  A worm (D:2)
  A leopard gecko (D:1)
  An orc (D:2)
  4 bats
  A giant cockroach (D:1)
  5 hobgoblins
  3 jackals (D:1)
  4 frilled lizards (D:1)
  4 kobolds
  5 rats (D:1)
30 creatures vanquished.

Notes
Turn   | Place    | Note
-------+----------+-------------------------------------------
     0 | D:1      | Gorglomux the Minotaur Wanderer began the quest for the Orb.
     0 | D:1      | Gorglomux set off with: a curare-tipped needle, Amed's Volume of Darkness, the Volume of Clay, a +0 robe, a ration, a +2 blowgun
     0 | D:1      | Reached XP level 1. HP: 18/18 MP: 1/1
    31 | D:1      | Reached skill level 1 in Unarmed Combat
   437 | D:1      | Identified Amed's Volume of Darkness
   437 | D:1      | Identified the Volume of Clay
   503 | D:1      | Reached XP level 2. HP: 5/25 MP: 2/2
   988 | D:1      | Reached skill level 2 in Unarmed Combat
  1533 | D:2      | Reached skill level 3 in Unarmed Combat
  1543 | D:2      | Reached XP level 3. HP: 11/30 MP: 3/3
  1548 | D:2      | HP: 1/30 [adder (5)]
  1579 | D:2      | Killed from afar by an orc wizard

Skill      XL: |  1  2 |
---------------+-------+-----
Unarmed Combat | 1 3 |  3.4
Fighting       | |  2.4
Crossbows      | |  1.1
Throwing       | |  1.0
Stealth        | |  1.0
Spellcasting   | |  1.0
Necromancy     | |  1.3
Earth Magic    | |  1.5

Action                   || total
-------------------------++-------
Melee: Unarmed           ||    84
       Headbutt          ||     5
       Punch             ||     1
 Fire: Blowgun           ||     2
  Use: Potion            ||     1
 Stab: Sleeping          ||     1
  Eat: Chunk             ||     2
Armor: Robe              ||    13
Dodge: Dodged            ||    56
